 Dungeon Crawl Stone Soup version 0.20.1-1-g8b1a95d (webtiles) character file.

77 esteth the Digger (level 4, 0/24 HPs)
             Began as a Gargoyle Earth Elementalist on Oct 19, 2017.
             Slain by a gnoll
             ... wielding a cursed -3 whip
              (6 damage)
             ... on level 2 of the Dungeon.
             The game lasted 00:09:37 (3180 turns).

esteth the Digger (Gargoyle Earth Elementalist)     Turns: 3180, Time: 00:09:37

Health: 0/24       AC:  5    Str: 12    XL:     4   Next: 33%
Magic:  5/7        EV: 12    Int: 16    God:
Gold:   85         SH:  0    Dex: 10    Spells: 4/8 levels left

rFire    . . .     SeeInvis .   h - +0 club (curse)
rCold    . . .     Gourm    .   (no shield)
rNeg     + . .     Faith    .   c - +0 robe
rPois    ∞         Spirit   .   (no helmet)
rElec    +         Reflect  .   (no cloak)
rCorr    .         Harm     .   (no gloves)
MR       .....                  (no boots)
Stlth    ++........             (no amulet)
Regen    0.1/turn               (no ring)
MPRegen  0.1/turn               (no ring)

@: no status effects
A: negative energy resistance 1, electricity resistance, unbreathing,
petrification resistance, rot immunity, AC +3
a: no special abilities


You were on level 2 of the Dungeon.
You were not hungry.

You visited 1 branch of the dungeon, and saw 2 of its levels.

You collected 85 gold pieces.

Inventory:

Hand Weapons
 h - a cursed +0 club (weapon)
Missiles
 b - 80 stones (quivered)
Armour
 c - a +0 robe (worn)
Scrolls
 f - a scroll of enchant armour {unknown}
 g - a scroll of magic mapping {unknown}
 i - a scroll of teleportation {unknown}
Potions
 k - a potion of ambrosia {unknown}
Books
 e - a book of Geomancy

   Spells                             Type                      Level
   a - Sandblast                      Earth                        1
   b - Passwall                       Transmutation/Earth          2
   c - Stone Arrow                    Conjuration/Earth            3
   d - Petrify                        Transmutation/Earth          4
   e - Lee's Rapid Deconstruction     Earth                        5
Comestibles
 a - 3 meat rations
 d - 3 bread rations
 l - a royal jelly
 m - 2 fruits


   Skills:
 - Level 1.5 Dodging
 - Level 2.4 Stealth
 + Level 2.5 Spellcasting
 + Level 1.0 Conjurations
   Level 0.7 Transmutations
 + Level 5.2 Earth Magic


You had 4 spell levels left.
You knew the following spells:

 Your Spells              Type           Power        Failure   Level  Hunger
a - Sandblast             Erth           ###...       2%          1    #......
b - Stone Arrow           Conj/Erth      ##....       16%         3    ###....


Dungeon Overview and Level Annotations

Branches:
Dungeon (2/15)

Altars:

Annotations:
D:1 exclusion: downstairs


Innate Abilities, Weirdness & Mutations

You are resistant to torment.
Your stone body is resilient. (AC +3)
You are immune to poison.
You resist negative energy. (rN+)
You are resistant to electric shocks. (rElec)
You can survive without breathing.
You are immune to petrification.
You are immune to rotting.


Message History

Aiming: Sandblast
Press: ? - help, Shift-Dir - straight line, f/p - gnoll
Aim: a gnoll, wielding a whip and wearing a leather armour (severely wounded)
The blast of sand hits the gnoll.
The gnoll is almost dead.
b - 80 stones You hit the gnoll but do no damage.
The gnoll is almost dead.
The gnoll hits you with a whip.
You hit the gnoll but do no damage.
The gnoll is almost dead.
The gnoll hits you but does no damage.
You hit the gnoll but do no damage.
The gnoll is almost dead.
The gnoll hits you with a whip! The gnoll hits you with a whip.
* * * LOW HITPOINT WARNING * * *
You barely miss the gnoll.
The gnoll is severely wounded.
The gnoll hits you with a whip.
You die...

.....##.# ##........####
.....##.# ###......>......
#....##.####........)......
#....##.#..'...............
...####.#.##...............
........#.##...#####.......
..........##..g#####.......
....######.....g...#.......
###.....##......@..#.......
..####...#.........#.......
.........#.........#
.........#.........#
##.##....###########
#.#.....# #.####'##
#....#.# ####.#.#


You could see 2 gnolls.

Vanquished Creatures
  A gnoll (D:2)
  2 oozes (D:1)
  A dart slug (D:1)
  2 leopard geckos (D:1)
  3 giant cockroaches
  8 goblins
  6 hobgoblins
  4 jackals (D:1)
  A quokka (D:2)
  2 ball pythons
  6 bats
  3 frilled lizards (D:1)
  8 kobolds
  6 rats
53 creatures vanquished.

Notes
Turn   | Place    | Note
-------+----------+-------------------------------------------
     0 | D:1      | esteth the Gargoyle Earth Elementalist began the quest for the Orb.
     0 | D:1      | Reached XP level 1. HP: 10/10 MP: 3/3
   125 | D:1      | Reached skill level 4 in Earth Magic
   125 | D:1      | Reached XP level 2. HP: 11/15 MP: 1/5
   435 | D:1      | Reached XP level 3. HP: 16/19 MP: 4/6
   479 | D:1      | Learned a level 3 spell: Stone Arrow
   815 | D:1      | Reached skill level 5 in Earth Magic
  2406 | D:2      | Reached XP level 4. HP: 24/24 MP: 2/7
  2781 | D:2      | Reached skill level 1 in Conjurations
  3180 | D:2      | Slain by a gnoll

Skill      XL: |  1  2  3  4 |
---------------+-------------+-----
Earth Magic    | 4 5 |  5.2
Conjurations   | 1 |  1.0
Dodging        | |  1.5
Stealth        | |  2.4
Spellcasting   | |  2.5
Transmutations | |  0.7

Action                   |  1- 3 |  4- 6 || total
-------------------------+-------+-------++-------
Melee: Unarmed           |    59 |       ||    59
       Club              |   114 |    77 ||   191
 Cast: Sandblast         |    28 |     4 ||    32
  Use: Scroll            |     3 |       ||     3
 Stab: Sleeping          |     7 |       ||     7
  Eat: Chunk             |     5 |     3 ||     8
Armor: Robe              |    83 |    36 ||   119
Dodge: Dodged            |   146 |    67 ||   213
